 Dungeon Crawl Stone Soup version 0.18-a0-640-g2c992fa (webtiles) character file.

91615 4thArraOfDagon the Brawler (level 15, -1/83 HPs)
             Began as a Vine Stalker Berserker on Dec 4, 2015.
             Was an Elder of Trog.
             Shot with a poisoned bolt by a naga sharpshooter (5 damage)
             ... on level 4 of the Snake Pit.
             The game lasted 00:53:19 (6836 turns).

4thArraOfDagon the Brawler (Vine Stalker Berserker) Turns: 6836, Time: 00:53:19

Health: -1/83      AC: 31    Str: 21    XL:     15   Next: 60%
Magic:  0/32       EV: 14    Int:  5    God:    Trog [****..]
Gold:   716        SH:  0    Dex: 22    Spells: 0 memorised, 14 levels left

rFire  . . .     SeeInvis .       - Unarmed
rCold  . . .     Clarity  +     B - +8 plate armour {ponderous}
rNeg   + + .     SustAt   .     (no shield)
rPois  +         Gourm    .     y - +1 hat "Womowk" {rN+ rCorr MP+9 Int-4}
rElec  .         Spirit   +     w - +2 cloak {MR+}
rCorr  +         Dismiss  .     g - +0 pair of gloves
rMut   .         Stasis   .     N - +1 pair of boots
MR     ++++.                    Q - amulet of Siurchyn {Clar rN+}
Stlth  ..........               S - +4 ring of evasion
                                A - ring of poison resistance

@: agile, exhausted, regenerating, slowed, constricted, very slow, incredibly
resistant to hostile enchantments, extremely unstealthy
A: fangs 3, regeneration 3, magic shield, antimagic bite, no device heal 3, rot
immunity
a: Berserk, Trog's Hand, Brothers in Arms, Burn Spellbooks, Renounce Religion
}: 1/15 runes: barnacled


You were on level 4 of the Snake Pit.
You worshipped Trog.
Trog was greatly pleased with you.
You were not hungry.

You visited 5 branches of the dungeon, and saw 30 of its levels.
You also visited: Ossuary and Ice Cave.

You collected 1233 gold pieces.
You spent 517 gold pieces at shops.

Inventory:

Hand Weapons
 p - a +0 blowgun
 H - a cursed +0 bardiche
 I - a +0 blowgun
 J - a +0 dagger of distortion
Missiles
 k - 2 throwing nets (quivered)
 G - 2 curare-tipped needles
Armour
 g - a +0 pair of gloves (worn)
 w - a +2 cloak of magic resistance (worn)
 y - the +1 hat "Womowk" (worn) {rN+ rCorr MP+9 Int-4}
   (You acquired it on level 1 of the Orcish Mines)

   It affects your intelligence (-4).
   It protects you from negative energy.
   It affects your magic capacity (+9).
   It protects you from acid and corrosion.
 B - a +8 plate armour of ponderousness (worn)
 N - a +1 pair of boots (worn)
Rods
 T - a +2 rod of ignition (14/14)
   (You found it on level 8 of the Lair of Beasts)
Jewellery
 i - an uncursed amulet of resist corrosion
 s - an uncursed ring of ice
 z - an uncursed ring of teleportation
 A - a ring of poison resistance (left hand)
 L - the ring of the Dozen Tales {+Inv Int+3}
   (You found it on level 7 of the Lair of Beasts)

   [ring of intelligence]

   It affects your intelligence (+3).
   It lets you turn invisible.
 Q - the amulet of Siurchyn (around neck) {Clar rN+}
   (You found it on level 8 of the Lair of Beasts)

   [amulet of clarity]

   It provides mental clarity.
   It protects you from negative energy.
 R - an uncursed amulet of the gourmand {unknown}
 S - a +4 ring of evasion (right hand)
Wands
 t - a wand of disintegration (1)
 K - a wand of random effects (8)
Scrolls
 c - 4 scrolls of remove curse
 m - 2 scrolls of immolation
 D - 2 scrolls of vulnerability
 F - 2 scrolls of teleportation
 O - a scroll of silence
 Y - 2 scrolls of fear
Potions
 a - a potion of might {unknown}
 d - a potion of curing
 e - a potion of mutation {unknown}
 f - a potion of degeneration {unknown}
 l - 2 potions of ambrosia
 r - 2 potions of cancellation {unknown}
 u - 3 potions of magic {unknown}
 E - a potion of lignification {unknown}
 U - 3 potions of beneficial mutation {unknown}
 V - 2 potions of flight
 W - a potion of brilliance {unknown}
 X - a potion of agility
 Z - 2 potions of haste
Books
 h - a book of Minor Magic

   Spells                             Type                      Level
   a - Magic Dart                     Conjuration                  1
   b - Blink                          Translocation                2
   c - Call Imp                       Summoning                    2
   d - Repel Missiles                 Charms/Air                   2
   e - Slow                           Hexes                        2
   f - Conjure Flame                  Conjuration/Fire             3
   g - Mephitic Cloud                 Conjuration/Poison/Air       3
   Trog disapproves of the use of such an item.
 q - a Fen Folio

   Spells                             Type                      Level
   a - Corpse Rot                     Necromancy                   2
   b - Stone Arrow                    Conjuration/Earth            3
   c - Leda's Liquefaction            Hexes/Earth                  4
   d - Summon Forest                  Summoning/Translocation      5
   e - Hydra Form                     Transmutation                6
   f - Summon Hydra                   Summoning                    7
   Trog disapproves of the use of such an item.
 v - a book of Debilitation

   Spells                             Type                      Level
   a - Corona                         Hexes                        1
   b - Slow                           Hexes                        2
   c - Gell's Gravitas                Hexes/Translocation          3
   d - Inner Flame                    Hexes/Fire                   3
   e - Cause Fear                     Hexes                        4
   f - Leda's Liquefaction            Hexes/Earth                  4
   Trog disapproves of the use of such an item.
 P - a book of Beasts

   Spells                             Type                      Level
   a - Summon Butterflies             Summoning                    1
   b - Call Canine Familiar           Summoning                    3
   c - Summon Ice Beast               Ice/Summoning                4
   d - Summon Mana Viper              Hexes/Summoning              5
   e - Summon Hydra                   Summoning                    7
   Trog disapproves of the use of such an item.
Miscellaneous
 C - a plain deck of defence {drawn: 1}
 M - a phantom mirror
Comestibles
 j - 6 meat rations
 o - 5 beef jerkies


   Skills:
 + Level 11.4 Fighting
 + Level 10.3 Armour
 - Level 1.5 Dodging
 * Level 17.8 Unarmed Combat
 - Level 10.0 Evocations


You had 14 spell levels left.
You didn't know any spells.

Dungeon Overview and Level Annotations

Branches:
Dungeon (10/15)              Lair (8/8) D:10         Shoals (4/4) Lair:5
  Snake (4/4) Lair:3          Orc (4/4) D:10            Elf (0/3) Orc:4
 Temple: D:4-7        Slime: Lair:6-8

Altars:
Pakellas
Qazlal

Shops:
Orc:4 :*=:   Shoals:1 (

Annotations:
D:4 Edmund
Lair:7 exclusion: 8 oklob plants
Orc:2 Harold, Nergalle
Orc:3 Josephine


Innate Abilities, Weirdness & Mutations

You have razor-sharp teeth.
You regenerate.
When hurt, damage is shared between your health and your magic reserves.
Your bite disrupts and absorbs the magic of your enemies.
Potions and wands cannot restore your health.
You are immune to rotting.


Message History

The naga sharpshooter wields an arbalest.
The naga sharpshooter gestures wildly while chanting.
The naga sharpshooter magically shoots a poisoned bolt.
The poisoned bolt hits you.
* * * LOW HITPOINT WARNING * * *
The naga mage barely misses you. The naga mage constricts you.
Unknown command.
Unknown command.
Unknown command.
Unknown command.
Your skin crawls.
You feel resistant to hostile enchantments.
You feel slightly more hungry. The greater naga closely misses you.
The naga mage casts a spell at you. The bolt of poison hits you! You resist.
* * * LOW HITPOINT WARNING * * *
The naga mage constricts you.
The naga sharpshooter shoots a poisoned bolt.
The poisoned bolt hits you!
You die...

......#
##########.....######''#
......#
##..#...##...............
......###......##
#..............
S......#.<......#
#..............
.......#........#
#.......)......
.##....#.)......#
#.............. #
#...##......).###..............
....###....))##N#.N............
....# #.....NN@#N(N............
#......N##NNNN...(.......
#..#..#..##.......##''##..
#..#.#...##......##....##. ##
#######......##..N...## #..
#.........###...##..)# #...
##........##...####...
#...####.......##N..##..##..
#.....#.......##...##....##.


You could see a greater naga, a naga sharpshooter, a salamander and a naga mage.

Vanquished Creatures
  3 greater nagas (Snake:4)
  Nessos (Orc:4)
  A dire elephant (Lair:8)
  A merfolk javelineer (Shoals:4)
  3 merfolk impalers
  7 naga warriors
  A hydra (Lair:7)
  4 anacondas
  A satyr (Shoals:4)
  A catoblepas (Lair:8)
  2 merfolk aquamancers
  15 death yaks
  2 orc high priests (Orc:4)
  5 naga sharpshooters
  A shock serpent (Snake:4)
  Sonja (Lair:3)
  A deep troll shaman (Lair:8)
  4 sea snakes
  3 naga ritualists (Snake:4)
  Pikel (D:9)
  3 orc knights (Orc:4)
  6 mana vipers
  8 fauns
  4 griffons
  2 water nymphs (Shoals:3)
  A salamander (Snake:1)
  4 orc sorcerers (Orc:4)
  8 black mambas
  2 naga magi (Snake:4)
  5 manticores
  3 sirens
  7 elephants (Lair:8)
  A torpor snail (Lair:7)
  3 guardian serpents (Snake:4)
  6 spiny frogs
  A komodo dragon (Lair:6)
  7 merfolk
  2 wind drakes
  A blink frog (Lair:4)
  2 two-headed ogres
  2 snapping turtles
  5 hippogriffs
  7 water elementals
  21 yaks
  26 nagas
  The ghost of 4thArraOfDagon the Stinger, an amateur MfVM (D:3)
  Menkaure (D:5)
  4 wolves (Lair:8)
  9 water moccasins
  A soldier ant (D:10)
  8 orc warriors
  A warg (Orc:1)
  A swamp drake (D:10)
  2 porcupines
  6 ice beasts (IceCv)
  4 ogres
  A centaur (D:6)
  3 crocodiles
  2 big kobolds
  4 giant frogs
  Blork the orc (D:5)
  A water moccasin skeleton (D:6)
  A crimson imp (D:9)
  A jelly (D:9)
  A hound (D:9)
  11 orc wizards
  7 orc priests
  5 iguanas
  5 worker ants
  5 sheep (Lair:7)
  A mummy (D:8)
  Robin (D:2)
  2 adders
  A gnoll (D:3)
  12 river rats
  2 shadow imps
  12 white imps (Orc:2)
  2 worms (D:2)
  2 giant geckos
  47 orcs
  3 bats
  A giant cockroach (D:3)
  15 goblins
  3 hobgoblins (D:2)
  8 jackals
  10 kobolds
  A quokka (D:3)
  A quokka skeleton (D:9)
  4 rats
409 creatures vanquished.

Vanquished Creatures (collateral kills)
  A hydra (Lair:4)
  2 merfolk avatars
  A sea snake (Shoals:2)
  A siren (Shoals:2)
  Psyche (D:9)
  2 blink frogs (Lair:4)
  A warg (Orc:4)
9 creatures vanquished.

Vanquished Creatures (others)
  A fungus (Lair:8)
  4 tentacles (Shoals:4)
  214 tentacle segments (Shoals:4)
219 creatures vanquished.

Grand Total: 637 creatures vanquished

Notes
Turn   | Place    | Note
--------------------------------------------------------------
     0 | D:1      | 4thArraOfDagon the Vine Stalker Berserker began the quest for the Orb.
     0 | D:1      | Reached XP level 1. HP: 11/11 MP: 2/2
   150 | D:2      | Reached XP level 2. HP: 16/16 MP: 3/3
   244 | D:2      | Noticed Robin
   266 | D:2      | Reached skill level 4 in Unarmed Combat
   269 | D:2      | Reached ** piety under Trog
   269 | D:2      | Reached XP level 3. HP: 19/19 MP: 4/4
   274 | D:2      | Killed Robin
   418 | D:3      | Noticed 4thArraOfDagon's ghost (amateur MfVM)
   428 | D:3      | Killed 4thArraOfDagon's ghost
   428 | D:3      | Reached skill level 6 in Unarmed Combat
   428 | D:3      | Reached XP level 4. HP: 19/23 MP: 5/5
   428 | D:3      | Reached XP level 5. HP: 22/27 MP: 6/6
   534 | D:4      | Noticed Edmund
   546 | D:5      | Entered Level 5 of the Dungeon
   546 | D:5      | Noticed Blork the orc
   552 | D:5      | Killed Blork the orc
   552 | D:5      | Gained mutation: You heal very quickly. [Vine Stalker growth]
   552 | D:5      | Reached XP level 6. HP: 32/32 MP: 7/7
   568 | D:5      | Noticed Menkaure
   575 | D:5      | Killed Menkaure
   575 | D:5      | Reached skill level 7 in Unarmed Combat
   601 | D:6      | Noticed a two-headed ogre
   610 | D:6      | Killed a two-headed ogre
   610 | D:6      | Reached skill level 8 in Unarmed Combat
   610 | D:6      | Reached XP level 7. HP: 5/35 MP: 4/8
   774 | D:6      | Found a stormy altar of Qazlal.
   774 | D:6      | Noticed an air elemental
   790 | D:7      | Reached *** piety under Trog
   790 | D:7      | Reached skill level 9 in Unarmed Combat
   790 | D:7      | Gained mutation: You have razor-sharp teeth. [Vine Stalker growth]
   790 | D:7      | Reached XP level 8. HP: 36/40 MP: 7/9
  1008 | D:8      | Found an oddly glowing altar of Pakellas.
  1025 | D:8      | Found a sand-covered staircase.
  1034 | Ossuary  | Entered an ossuary
  1056 | D:9      | Noticed a two-headed ogre
  1057 | D:9      | Noticed Pikel
  1062 | D:9      | Killed a two-headed ogre
  1062 | D:9      | Reached skill level 1 in Evocations
  1067 | D:9      | Killed Pikel
  1067 | D:9      | Reached skill level 10 in Unarmed Combat
  1067 | D:9      | Reached XP level 9. HP: 45/45 MP: 11/11
  1201 | D:10     | Entered Level 10 of the Dungeon
  1286 | D:10     | Found a staircase to the Orcish Mines.
  1288 | D:10     | Reached skill level 5 in Fighting
  1307 | D:10     | Reached **** piety under Trog
  1352 | Orc:1    | Entered Level 1 of the Orcish Mines
  1363 | Orc:1    | Identified 2 scrolls of acquirement
  1364 | Orc:1    | Got a brightly glowing hat
  1375 | Orc:1    | Identified the +1 hat "Womowk" {rN+ rCorr MP+9 Int-4} (You acquired it on level 1 of the Orcish Mines)
  1451 | Orc:2    | Found a frozen archway.
  1475 | Orc:2    | Reached skill level 11 in Unarmed Combat
  1523 | IceCv    | Entered an ice cave
  1533 | IceCv    | Reached XP level 10. HP: 51/51 MP: 13/13
  1625 | Orc:1    | Reached ***** piety under Trog
  1691 | Orc:4    | Entered Level 4 of the Orcish Mines
  1899 | Orc:4    | Found a staircase to the Elven Halls.
  1950 | Orc:4    | Noticed Nessos
  1959 | Orc:4    | Killed Nessos
  2029 | Orc:4    | Noticed an orc sorcerer
  2029 | Orc:4    | Noticed an orc high priest
  2029 | Orc:4    | Noticed an orc high priest
  2060 | Orc:4    | Noticed a soul eater
  2065 | Orc:4    | Killed an orc high priest
  2065 | Orc:4    | Reached skill level 5 in Armour
  2067 | Orc:4    | Killed an orc sorcerer
  2069 | Orc:4    | Noticed a smoke demon
  2072 | Orc:4    | Killed an orc high priest
  2072 | Orc:4    | Reached skill level 12 in Unarmed Combat
  2072 | Orc:4    | Reached skill level 5 in Evocations
  2111 | Orc:4    | Noticed an orc knight
  2131 | Orc:4    | Killed an orc knight
  2131 | Orc:4    | Reached XP level 11. HP: 58/58 MP: 16/16
  2190 | Orc:4    | Noticed an orc knight
  2231 | Orc:4    | Killed an orc knight
  2313 | Orc:4    | Noticed an orc knight
  2346 | Orc:4    | Killed an orc knight
  2510 | Orc:4    | Found Qoliqui's Assorted Antiques.
  2510 | Orc:4    | Found Birar's Book Shop.
  2511 | Orc:4    | Found Jefuog's Jewellery Emporium.
  2516 | Orc:4    | Found Viguzo's Book Emporium.
  2518 | Orc:4    | Bought a red potion for 34 gold pieces
  2528 | Orc:4    | meh
  2528 | Orc:4    | Bought a cursed ring of teleportation for 203 gold pieces
  2528 | Orc:4    | Bought an uncursed ring of poison resistance for 280 gold pieces
  2575 | Orc:3    | Noticed Josephine
  2587 | Orc:2    | Noticed Nergalle
  2589 | Orc:2    | Noticed Harold
  2688 | D:9      | Noticed Psyche
  2694 | D:9      | Killed Psyche
  2808 | D:10     | Found a staircase to the Lair.
  2844 | D:10     | Reached skill level 13 in Unarmed Combat
  2891 | Lair:1   | Entered Level 1 of the Lair of Beasts
  2981 | Lair:3   | Noticed Sonja
  2989 | Lair:3   | Killed Sonja
  3071 | Lair:4   | Noticed a five-headed hydra
  3079 | Lair:4   | Killed a five-headed hydra
  3189 | Lair:4   | Gained mutation: You regenerate. [Vine Stalker growth]
  3189 | Lair:4   | Reached XP level 12. HP: 52/64 MP: 18/18
  3363 | Lair:7   | Noticed a death yak
  3363 | Lair:7   | Noticed a death yak
  3363 | Lair:7   | Noticed a death yak
  3364 | Lair:7   | Noticed a death yak
  3365 | Lair:7   | Noticed a death yak
  3380 | Lair:7   | Killed a death yak
  3389 | Lair:7   | Killed a death yak
  3395 | Lair:7   | Killed a death yak
  3400 | Lair:7   | Killed a death yak
  3404 | Lair:7   | Killed a death yak
  3404 | Lair:7   | Reached skill level 14 in Unarmed Combat
  3460 | Lair:8   | Entered Level 8 of the Lair of Beasts
  3462 | Lair:8   | Noticed a death yak
  3464 | Lair:8   | Noticed a death yak
  3466 | Lair:8   | Noticed a death yak
  3466 | Lair:8   | Noticed a death yak
  3485 | Lair:8   | Noticed a death yak
  3500 | Lair:8   | Killed a death yak
  3515 | Lair:8   | Killed a death yak
  3552 | Lair:8   | Killed a death yak
  3560 | Lair:8   | Killed a death yak
  3572 | Lair:8   | Killed a death yak
  3572 | Lair:8   | Reached XP level 13. HP: 67/70 MP: 20/20
  3727 | Lair:8   | Got a sparkling crystal amulet
  3734 | Lair:8   | Identified the amulet of Siurchyn {Clar rN+} (You found it on level 8 of the Lair of Beasts)
  3882 | Lair:8   | Noticed a dire elephant
  3887 | Lair:8   | Reached skill level 15 in Unarmed Combat
  3894 | Lair:8   | Killed a dire elephant
  4114 | Lair:7   | Got an ancient bone ring
  4124 | Lair:7   | Identified the ring of the Dozen Tales {+Inv Int+3} (You found it on level 7 of the Lair of Beasts)
  4344 | Lair:5   | Found a staircase to the Shoals.
  4354 | Shoals:1 | Entered Level 1 of the Shoals
  4455 | Shoals:1 | Found Fablu's Antique Weapon Boutique.
  4768 | Shoals:4 | Entered Level 4 of the Shoals
  4843 | Shoals:4 | Reached XP level 14. HP: 42/76 MP: 21/21
  4920 | Shoals:4 | Reached skill level 10 in Fighting
  4963 | Shoals:4 | Noticed a kraken
  5008 | Shoals:3 | Reached skill level 16 in Unarmed Combat
  5512 | Shoals:4 | Got a barnacled rune of Zot
  5766 | Lair:3   | Found a staircase to the Snake Pit.
  5788 | Snake:1  | Entered Level 1 of the Snake Pit
  5801 | Snake:1  | sol gryn
  5895 | Snake:1  | Reached skill level 10 in Evocations
  6087 | Snake:4  | Entered Level 4 of the Snake Pit
  6175 | Snake:4  | Reached XP level 15. HP: 36/81 MP: 23/23
  6216 | Snake:4  | Reached skill level 17 in Unarmed Combat
  6285 | Snake:4  | Noticed a greater naga
  6311 | Snake:4  | Killed a greater naga
  6319 | Snake:4  | Noticed a greater naga
  6338 | Snake:4  | Killed a greater naga
  6366 | Snake:4  | Reached skill level 10 in Armour
  6449 | Snake:4  | Noticed a greater naga
  6476 | Snake:4  | Killed a greater naga
  6809 | Snake:4  | Noticed a greater naga
  6829 | Snake:4  | HP: 5/124 [naga ritualist/Olgreb's Toxic Radiance (2)]
  6831 | Snake:4  | HP: 2/83 [poisoned by a naga (splash of poison)]
  6836 | Snake:4  | HP: 4/83 [naga mage/bolt of poison (2)]
  6836 | Snake:4  | Shot with a poisoned bolt by a naga sharpshooter

Vault maps used:
D:1:      dpeg_chamrin_arrival_tetris, minivault_23
D:2:      grunt_temple_overflow_magic_moments, grunt_ministairs_2, uniq_robin
D:3:      st_stairs_5
D:4:      uniq_edmund
D:5:      serial_bayou, serial_bayou_shore_a, serial_bayou_lake_a,
          serial_bayou_lagoon_b, serial_bayou_crossing, basic_altar,
          first_bread, lemuel_statue_altar, uniq_blork_the_orc, uniq_menkaure
D:6:      lemuel_temple_firewalk_marked, serial_bayou, serial_bayou_ford_a,
          serial_bayou_shore_b, serial_bayou_lagoon_a, serial_bayou_pond_c,
          nicolae_qazlal_style_of_elements, uniq_grinder
D:8:      minitemple, gup_ossuary_entry_pyramid
D:9:      kennysheep_spiral_hall, the_bakery, introduction_to_nature_2,
          uniq_psyche, uniq_pikel
D:10:     dpeg_lair_monsters, erik_orc_1, uniq_maurice
Lair:1:   minivault_27
Lair:2:   st_stairs_11, lemuel_fruit_fields
Lair:3:   guppyfry_snake_entry_island, roderic_lost_polar_bear, uniq_rupert,
          uniq_sonja
Lair:4:   infiniplex_staircase_pool_2, serial_bayou_shore_b
Lair:5:   shoals_dummy_entry, serial_forest, infiniplex_forest_split,
          infiniplex_forest_straight_3, infiniplex_forest_clump_small,
          infiniplex_forest_zigzag_1, infiniplex_forest_clump_small,
          infiniplex_forest_clump_cross, infiniplex_forest_straight_3,
          infiniplex_forest_lined_corner, infiniplex_forest_clump_cross,
          infiniplex_forest_clump_small
Lair:6:   beast_lair_carwin_large_1, bh_autumn_forest_stairs, lemuel_fruit_tree,
          serial_bayou_shore_b, serial_bayou_shore_b
Lair:7:   minmay_slime_entry_oklob_open, fungi_pond_lemuel, dpeg_oklob_1,
          lemuel_fruit_fields
Lair:8:   grunt_lair_end_beastmaster, minivault_26
Shoals:1: serial_shops, nicolae_shop_overgrown_old_shop,
          nicolae_shoals_dead_sea_scrolls
Shoals:2: uniq_roxanne, uniq_frances, uniq_polyphemus
Shoals:4: shoals_end_grunt_garden, shoals_ilsuiw_ice
Snake:1:  uniq_aizul
Snake:2:  serial_shops, shop, grunt_megastairs_3
Snake:3:  uniq_donald
Snake:4:  johnstein_snake_rune_scales
Orc:2:    portal_ice_cave_entry_imps, uniq_harold, uniq_nergalle
Orc:3:    serial_shops, shop, nicolae_orc_pool_cavern, uniq_maud, uniq_josephine
Orc:4:    st_orc_elflike, uniq_nessos
Ossuary:  ossuary_tomb_1
IceCv:    ice_cave_statue_garden_02

Action                   |  1- 3 |  4- 6 |  7- 9 | 10-12 | 13-15 || total
-------------------------+-------+-------+-------+-------+-------++-------
Melee: Unarmed           |    88 |    28 |   218 |   441 |   989 ||  1764
Throw: Throwing net      |       |       |       |       |     7 ||     7
Invok: Berserk           |     3 |     2 |     4 |     7 |    10 ||    26
       Trog's Hand       |       |     2 |       |     8 |    31 ||    41
       Brothers in Arms  |       |       |       |     5 |     4 ||     9
 Abil: Evoke Teleportati |       |       |       |    28 |    32 ||    60
Evoke: Wand              |       |       |       |     2 |     2 ||     4
       Deck              |       |       |       |     1 |       ||     1
  Use: Scroll            |     1 |       |    10 |     2 |     9 ||    22
       Potion            |       |       |       |       |     2 ||     2
 Stab: Petrified         |       |       |       |       |     3 ||     3
       Petrifying        |       |       |       |       |     1 ||     1
       Held in net/web   |       |       |       |       |     5 ||     5
  Eat: Chunk             |       |     2 |     5 |    24 |    23 ||    54
       Bread ration      |       |     1 |       |       |     1 ||     2
       Royal jelly       |       |       |       |       |     1 ||     1
       Fruit             |       |       |       |       |     8 ||     8
       Pizza             |       |       |       |       |     2 ||     2
